Map: Jagannatha LE

Players

Bioice - Winner!

  • Race: Zerg Zerg
  • League: Master

MCanning

  • Race: Protoss Protoss
  • League: Master

VOD

Have the link to the VOD?

Description

Time

  • Played on: July 24, 2021, 8 p.m.
  • Length: 14:35
Show
View Real Time Build Order
Export as new Build Order

Bioice Zerg - Winner!

Build Orders: Hatch First, Lurkers 

Get SALT Encoding   

  12  0:00  Drone  
  13  0:12  Overlord  
  13  0:16  Drone  
  14  0:31  Drone x2  
  16  0:49  Hatchery  
  15  0:52  Drone  
  17  0:57  Drone  
  17  1:00  Drone  
  18  1:07  Extractor  
  17  1:16  Spawning Pool  
  16  1:19  Drone  
  16  1:22  Drone  
  18  1:29  Drone  
  19  1:39  Drone  
  20  1:49  Drone  
  21  2:02  Queen x2  
  21  2:03  Drone  
  21  2:04  Overlord  
  26  2:13  Drone x2  
  28  2:22  Metabolic Boost  
  28  2:23  Drone x2  
  30  2:39  Hatchery  
  30  2:42  Zergling x2  
  30  2:43  Drone  
  31  2:47  Queen  
  31  2:50  Overlord  
  33  2:54  Drone  
  33  2:55  Drone  
  35  2:59  Drone  
  36  3:11  Drone x3  
  36  3:12  Drone x4  
  43  3:14  Drone  
  44  3:22  Overlord  
  44  3:27  Overlord  
  44  3:30  Overlord  
  44  3:38  Overlord  
  44  3:39  Queen  
  46  3:42  Overlord  
  46  3:46  Overlord  
  46  3:48  Drone x3  
  47  3:51  Queen  
  47  3:52  Drone  
  47  3:54  Drone  
  53  3:56  Drone x2  
  53  3:59  Drone x2  
  53  4:02  Drone  
  58  4:05  Drone  
  59  4:10  Spore Crawler x2  
  59  4:17  Drone x3  
  58  4:19  Drone x3  
  58  4:22  Lair, Extractor  
  58  4:23  Extractor  
  61  4:27  Roach Warren  
  61  4:31  Drone x3  
  61  4:32  Drone  
  61  4:34  Drone  
  61  4:35  Drone  
  61  4:37  Drone x2  
  68  4:40  Drone  
  68  4:44  Drone  
  70  4:48  Overlord  
  70  4:49  Drone x6  
  76  4:56  Extractor x2  
  76  4:59  Drone  
  75  5:00  Overlord x2, Evolution Chamber  
  75  5:02  Spore Crawler  
  73  5:10  Roach  
  73  5:11  Roach  
  77  5:15  Hatchery  
  77  5:20  Roach x3  
  82  5:22  Overlord  
  82  5:26  Glial Reconstitution  
  82  5:27  Zerg Missile Weapons Level 1  
  81  5:30  Roach x4  
  81  5:33  Drone  
  81  5:35  Queen  
  90  5:41  Roach x3  
  98  5:47  Roach x3  
  98  5:49  Roach  
  102  5:54  Roach  
  102  5:55  Roach  
  102  5:58  Zergling x6  
  102  6:01  Roach  
  104  6:05  Roach  
  104  6:06  Roach x2  
  104  6:09  Drone x3  
  108  6:13  Drone x3  
  104  6:20  Drone x2  
  104  6:22  Drone  
  106  6:27  Drone x3  
  106  6:30  Drone  
  106  6:32  Queen  
  111  6:35  Overlord  
  111  6:36  Drone  
  112  6:45  Queen  
  112  6:46  Drone x5  
  119  6:54  Extractor  
  118  6:56  Hydralisk Den, Infestation Pit  
  118  6:59  Drone x3  
  118  7:00  Drone  
  118  7:01  Overlord x2  
  120  7:02  Drone  
  117  7:15  Drone x7  
  113  7:16  Drone x2  
  113  7:17  Extractor  
  113  7:18  Extractor  
  119  7:24  Overlord x2  
  119  7:27  Hydralisk x2  
  123  7:30  Spore Crawler  
  123  7:33  Hydralisk x3  
  123  7:36  Overlord  
  128  7:48  Hive, Muscular Augments  
  128  7:51  Hydralisk x3  
  128  7:52  Lurker Den  
  128  7:53  Ravager x3  
  128  7:54  Ravager x2  
  128  7:56  Roach  
  140  8:01  Roach x3  
  146  8:06  Roach x4  
  154  8:13  Roach x3  
  154  8:14  Roach x2  
  154  8:19  Zerg Missile Weapons Level 2  
  163  8:26  Drone  
  163  8:27  Drone x4  
  166  8:28  Drone x2  
  170  8:39  Hatchery  
  170  8:40  Hydralisk x3  
  175  8:45  Overlord x3  
  175  8:46  Overlord  
  175  8:51  Spire  
  174  9:07  Zergling x2  
  174  9:08  Zergling x40  
  193  9:21  Viper x2  
  199  9:27  Overlord x2  
  199  9:30  Seismic Spines  
  198  9:36  Hydralisk x4  
  198  9:37  Zergling x10  
  198  9:38  Zergling x6  
  199  9:45  Zergling x6  
  200  9:49  Roach  
  195  9:53  Hydralisk x3  
  195  9:55  Roach  
  195  9:56  Roach x4  
  195  9:59  Roach  
  193  10:02  Roach x4  
  184  10:08  Hydralisk x2  
  184  10:09  Roach x2  
  171  10:17  Hydralisk x4  
  171  10:18  Zergling x2  
  163  10:24  Hydralisk  
  163  10:25  Zergling x12  
  163  10:27  Adaptive Talons  
  165  10:29  Hydralisk x2  
  165  10:30  Zergling x2  
  165  10:33  Hydralisk x2  
  163  10:43  Drone x8  
  163  10:46  Lurker x5  
  176  10:51  Overseer  
  176  11:00  Spine Crawler  
  176  11:02  Zerg Missile Weapons Level 3  
  175  11:08  Zergling x2  
  175  11:09  Zergling x28  
  188  11:16  Hydralisk x4  
  194  11:26  Zergling x12  
  169  11:47  Corruptor x8  
  165  12:02  Corruptor  
  165  12:03  Corruptor x2  
  140  12:17  Hydralisk x7  
  140  12:18  Zergling x14  
  158  12:23  Hydralisk x3  
  164  12:31  Corruptor  
  164  12:34  Zergling x2  
  164  12:35  Zergling x6  
  170  12:38  Zerg Flyer Armor Level 1  
  170  12:45  Spore Crawler  
  170  12:46  Spine Crawler  
  170  12:49  Zergling x18  
  177  12:53  Hatchery, Corruptor x2  
  177  12:54  Corruptor  
  182  13:02  Hydralisk  
  182  13:03  Zergling x6  
  180  13:17  Hydralisk x4  
  180  13:18  Zergling x20  
  180  13:23  Hydralisk x3  
  157  13:31  Hydralisk  
  157  13:32  Hydralisk x5  
  157  13:33  Zergling x2  
  160  13:34  Hydralisk  
  158  13:41  Hydralisk  
  158  13:42  Hydralisk x2  
  164  13:50  Lurker x3  
  164  13:53  Hydralisk  
  164  13:54  Zergling x4  
  164  13:55  Zergling x4  
  171  14:01  Hydralisk  
  171  14:02  Zergling x2  
  173  14:06  Hydralisk  
  168  14:13  Zergling x6  
Show
View Real Time Build Order
Export as new Build Order

MCanning Protoss 

Build Orders: 1 Gate Expand 

Get SALT Encoding   

  12  0:00  Probe  
  13  0:12  Probe  
  14  0:20  Pylon  
  14  0:24  Probe  
  15  0:38  Probe (Chrono Boost), Gateway  
  16  0:48  Probe (Chrono Boost), Assimilator  
  17  0:53  Probe (Chrono Boost)  
  18  1:04  Probe  
  19  1:16  Probe  
  20  1:23  Nexus  
  20  1:34  Cybernetics Core  
  20  1:36  Probe  
  21  1:42  Assimilator  
  21  1:48  Probe  
  21  1:52  Pylon  
  22  2:00  Probe  
  23  2:08  Adept (Chrono Boost), Probe  
  26  2:16  Probe  
  26  2:18  Stargate  
  27  2:27  Probe  
  28  2:33  Stalker  
  28  2:36  Probe  
  31  2:40  Warp Gate  
  31  2:41  Probe  
  32  2:49  Probe  
  33  2:53  Probe  
  33  2:56  Void Ray (Chrono Boost)  
  34  3:01  Probe  
  39  3:05  Probe  
  39  3:12  Pylon  
  40  3:13  Probe  
  40  3:18  Probe  
  42  3:25  Probe  
  43  3:29  Twilight Council  
  43  3:30  Probe, Gateway  
  44  3:37  Probe  
  45  3:42  Probe  
  45  3:47  Gateway  
  46  3:48  Gateway  
  46  3:51  Gateway  
  46  3:53  Probe  
  47  3:57  Pylon  
  47  3:58  Probe  
  47  4:01  Resonating Glaives (Chrono Boost)  
  49  4:11  Pylon  
  49  4:19  Nexus  
  48  4:27  Pylon  
  48  4:28  Adept x2  
  48  4:31  Probe  
  53  4:32  Probe  
  54  4:43  Probe  
  54  4:44  Probe  
  56  4:46  Adept x3  
  56  4:51  Adept x2  
  66  4:55  Pylon, Probe  
  67  5:01  Probe  
  68  5:07  Adept x2, Probe  
  68  5:08  Adept  
  75  5:16  Adept x2  
  79  5:27  Probe  
  80  5:29  Robotics Facility, Probe  
  80  5:31  Probe  
  80  5:33  Assimilator  
  80  5:35  Assimilator  
  82  5:36  Sentry x2  
  82  5:39  Probe  
  82  5:41  Probe  
  88  5:52  Probe  
  88  5:56  Blink (Chrono Boost)  
  85  5:58  Probe  
  85  5:59  Probe  
  85  6:03  Forge  
  87  6:04  Gateway  
  79  6:20  Probe  
  79  6:21  Probe  
  79  6:22  Shield Battery  
  79  6:23  Robotics Bay  
  79  6:24  Zealot x3  
  79  6:25  Shield Battery  
  83  6:28  Probe, Immortal (Chrono Boost)  
  83  6:29  Shield Battery  
  86  6:34  Probe  
  87  6:40  Photon Cannon, Probe  
  87  6:41  Photon Cannon  
  87  6:42  Protoss Ground Weapons Level 1 (Chrono Boost)  
  87  6:43  Pylon  
  88  6:47  Photon Cannon  
  88  6:50  Probe x2  
  88  6:54  Probe  
  91  6:56  Assimilator  
  91  6:59  Assimilator  
  91  7:00  Stalker x3  
  97  7:02  Pylon  
  97  7:07  Probe  
  98  7:08  Stalker x2  
  98  7:11  Probe  
  98  7:14  Disruptor (Chrono Boost)  
  103  7:21  Probe  
  107  7:23  Probe  
  107  7:25  Gateway  
  107  7:26  Gateway  
  107  7:29  Sentry  
  110  7:36  Photon Cannon  
  110  7:39  Pylon  
  110  7:40  Charge (Chrono Boost)  
  110  7:48  Colossus (Chrono Boost)  
  116  7:58  Pylon  
  116  7:59  Pylon  
  116  8:10  Nexus  
  116  8:12  Pylon  
  116  8:19  Stalker x6  
  128  8:24  Fleet Beacon  
  128  8:26  Disruptor (Chrono Boost)  
  131  8:32  Photon Cannon  
  131  8:33  Photon Cannon  
  131  8:34  Shield Battery  
  131  8:37  Stargate  
  131  8:46  Zealot x3  
  131  8:47  Protoss Ground Weapons Level 2 (Chrono Boost)  
  137  8:52  Observer (Chrono Boost)  
  138  8:55  Probe  
  138  8:58  Probe  
  138  9:01  Probe  
  141  9:07  Assimilator  
  141  9:09  Templar Archives  
  137  9:11  Stalker x3  
  137  9:12  Assimilator  
  137  9:14  Pylon  
  137  9:15  Disruptor  
  138  9:19  Probe  
  137  9:28  Carrier  
  143  9:36  Zealot  
  145  9:38  Zealot x2  
  147  9:47  Zealot x5  
  157  9:59  Stalker x3  
  139  10:01  Carrier (Chrono Boost)  
  130  10:07  Zealot x4  
  130  10:12  Probe  
  130  10:13  Zealot  
  112  10:23  Zealot  
  112  10:28  Probe  
  110  10:31  Probe  
  110  10:32  Psionic Storm  
  108  10:35  Probe  
  108  10:36  Probe  
  108  10:40  Probe  
  111  10:43  Probe  
  111  10:48  Probe x2  
  114  10:52  Probe  
  114  10:55  Probe  
  114  10:56  High Templar x3  
  122  11:00  Probe  
  123  11:12  Protoss Air Weapons Level 1 (Chrono Boost)  
  119  11:19  High Templar  
  119  11:21  Mothership (Chrono Boost)  
  119  11:25  Zealot x4  
  135  11:32  Disruptor  
  135  11:39  Zealot x3  
  119  11:59  Archon  
  119  12:01  Zealot x6  
  114  12:11  Carrier (Chrono Boost)  
  96  12:19  Zealot x2  
  96  12:31  High Templar x4  
  104  12:38  High Templar x2  
  104  12:39  Nexus  
  104  12:40  Observer  
  104  12:42  Archon  
  111  12:46  Pylon, High Templar  
  111  12:47  High Templar, Probe x2 (Chrono Boost)  
  115  12:55  Archon  
  115  12:56  Probe x3  
  118  13:05  Zealot x3  
  109  13:21  Archon x2, Void Ray  
  109  13:22  Zealot x5  
  105  13:45  High Templar x3  
  109  13:50  Zealot x2  
  113  13:56  Zealot  
  113  13:59  Zealot x2  
  113  14:16  High Templar  
  106  14:28  Archon  
Tags
 
Add a new tag
Caveats
  • Supply blocks, unpowered buildings, or Contaminate may cause inaccurate times.
  • Supply counts are checked every 10 seconds.